 Dungeon Crawl Stone Soup version 0.19-a0-1740-g0bcaf2e (webtiles) character file.

457 wazuzu the Twirler (level 6, -12/44 HPs)
             Began as a Demonspawn Gladiator on Oct 1, 2016.
             Killed by divine providence
             ... invoked by an orc priest
              (14 damage)
             ... on level 4 of the Dungeon.
             The game lasted 00:07:46 (3395 turns).

wazuzu the Twirler (Demonspawn Gladiator)           Turns: 3395, Time: 00:07:47

Health: -12/44     AC:  5    Str: 15    XL:     6   Next: 77%
Magic:  6/6        EV: 13    Int:  9    God:
Gold:   196        SH:  0    Dex: 16    Spells: 0 memorised, 5 levels left

rFire  . . .     SeeInvis .     a - +0 quarterstaff
rCold  + . .     Gourm    .     b - +0 leather armour
rNeg   . . .     Faith    .     (shield currently unavailable)
rPois  .         Spirit   .     o - +1 helmet
rElec  .         Dismiss  .     (no cloak)
rCorr  .         Reflect  .     (no gloves)
MR     .....     Harm     .     (no boots)
Stlth  +.........               (no amulet)
                                (no ring)
                                (no ring)

@: no status effects
A: cold resistance 1, demonic guardian 1, sturdy frame 2
a: no special abilities


You were on level 4 of the Dungeon.
You were not hungry.

You visited 1 branch of the dungeon, and saw 4 of its levels.

You collected 196 gold pieces.

Inventory:

Hand Weapons
 a - a +0 quarterstaff (weapon)
Armour
 b - a +0 leather armour (worn)
 o - a +1 helmet (worn)
Jewellery
 d - a +3 ring of strength {unknown}
Scrolls
 e - 3 scrolls of immolation {unknown}
 k - 3 scrolls of identify {unknown}
 l - 2 scrolls of amnesia {unknown}
Comestibles
 f - 3 bread rations
 g - a slice of pizza
 h - a beef jerky
 i - a meat ration


   Skills:
 - Level 2.0 Fighting
 + Level 7.1 Staves
 - Level 1.7 Throwing
 - Level 2.6 Dodging


You had 5 spell levels left.
You didn't know any spells.

Dungeon Overview and Level Annotations

Branches:
Dungeon (4/15)
 Temple: D:4-7

Altars:
Ashenzari
Makhleb
Nemelex Xobeh


Innate Abilities, Weirdness & Mutations

Your flesh is cold resistant. (rC+)
A weak demonic guardian rushes to your aid.
Your movements are less encumbered by armour. (ER -4)


Message History

The orc priest is moderately wounded.
The orc misses you. The giant cockroach misses you.
You completely miss the orc priest.
The orc priest is moderately wounded.
The orc priest hits you with a mace!
* * * LOW HITPOINT WARNING * * *
The orc misses you. The giant cockroach misses you.
An orc comes into view. It is wielding a falchion.
The orc shouts!
You hit the orc priest.
The orc priest is heavily wounded.
The giant cockroach bites you but does no damage.
The orc barely misses you. The orc priest hits you with a mace!
* * * LOW HITPOINT WARNING * * *
You hit the orc priest but do no damage.
The orc priest is moderately wounded.
The giant cockroach barely misses you. The orc barely misses you.
The orc priest invokes the aid of Beogh against you.
Beogh smites you!
You die...

.....####..##############..(#####
...#.# #..# ............. ..(#.#
#..# ###+############ ...#.#
#..######....... ## #.#
#.......+....... #.#
##.######....... #. #.# .......
#.######o...... #......@)...o..
###....so...... #+####.......
....... .###### .# .# .# .#


You could see an orc priest, 2 orcs and a giant cockroach.

Vanquished Creatures
  An ogre (D:4)
  A scorpion (D:4)
  A howler monkey (D:3)
  An orc wizard (D:3)
  Ijyb (D:3)
  The ghost of 4thArraOfDagon the Magician, a weakling VSWz of Okawaru (D:3)
  2 adders
  An ooze (D:4)
  A worm (D:3)
  3 dart slugs
  2 leopard geckos
  9 orcs
  8 bats
  A giant cockroach (D:1)
  6 goblins
  7 hobgoblins
  6 jackals
  3 kobolds (D:1)
  7 frilled lizards
  9 rats
  A bush (D:1)
  A plant (D:1)
73 creatures vanquished.

Vanquished Creatures (collateral kills)
  Grinder (D:3)
  An orc priest (D:4)
  A rat (D:3)
3 creatures vanquished.

Grand Total: 76 creatures vanquished

Notes
Turn   | Place    | Note
-------+----------+-------------------------------------------
     0 | D:1      | wazuzu the Demonspawn Gladiator began the quest for the Orb.
     0 | D:1      | Reached XP level 1. HP: 16/16 MP: 1/1
    18 | D:1      | Reached skill level 3 in Staves
   288 | D:1      | Gained mutation: Your flesh is cold resistant. (rC+) [demonic ancestry]
   288 | D:1      | Reached XP level 2. HP: 22/22 MP: 2/2
   560 | D:1      | Gained mutation: Your movements are slightly less encumbered by armour. (ER -2) [demonic ancestry]
   560 | D:1      | Reached XP level 3. HP: 27/27 MP: 3/3
  1215 | D:2      | Reached skill level 4 in Staves
  1798 | D:3      | Noticed Ijyb
  1820 | D:3      | Killed Ijyb
  1820 | D:3      | Gained mutation: A weak demonic guardian rushes to your aid. [demonic ancestry]
  1820 | D:3      | Reached XP level 4. HP: 29/33 MP: 4/4
  1957 | D:3      | Noticed Grinder
  1961 | D:3      | Paralysed by Grinder for 7 turns
  1969 | D:3      | Killed Grinder
  1969 | D:3      | Reached skill level 5 in Staves
  1969 | D:3      | Reached XP level 5. HP: 23/38 MP: 5/5
  2149 | D:3      | Found a shattered altar of Ashenzari.
  2243 | D:3      | Reached skill level 6 in Staves
  2635 | D:3      | Gained mutation: Your movements are less encumbered by armour. (ER -4) [demonic ancestry]
  2635 | D:3      | Reached XP level 6. HP: 39/44 MP: 6/6
  2745 | D:3      | Found a burning altar of Makhleb.
  2815 | D:3      | Noticed 4thArraOfDagon's ghost (weakling VSWz)
  2820 | D:3      | Killed 4thArraOfDagon's ghost
  3349 | D:4      | Reached skill level 7 in Staves
  3352 | D:4      | Found a sparkling altar of Nemelex Xobeh.
  3394 | D:4      | HP: 2/44 [orc priest/mace (7)]
  3395 | D:4      | Killed from afar by an orc priest

Vault maps used:
D:1:      dpeg_arrival_water_temple_mockup, serial_forest,
          infiniplex_forest_straight_2, infiniplex_forest_end_3,
          infiniplex_forest_straight_2, infiniplex_forest_lined_corner,
          infiniplex_forest_clump_long, infiniplex_forest_clump_medium,
          infiniplex_forest_straight_3
D:2:      first_bread
D:3:      lemuel_crystal_altar, bloody_makhleb, uniq_iyjb, uniq_grinder
D:4:      lightli_temple_of_fire, serial_curves, eino_curves_03, eino_curves_02,
          eino_curves_02, eino_curves_03, nemelex_dance_club_becter

Skill      XL: |  1  2  3  4  5  6 |
---------------+-------------------+-----
Staves         | 3 4 5 6 7 |  7.1
Fighting       | |  2.0
Throwing       | |  1.7
Dodging        | |  2.6

Action                   |  1- 3 |  4- 6 || total
-------------------------+-------+-------++-------
Melee: Quarterstaff      |   246 |   134 ||   380
  Use: Potion            |       |     3 ||     3
 Stab: Distracted        |       |     1 ||     1
  Eat: Bread ration      |     1 |       ||     1
       Chunk             |       |     4 ||     4
Armor: Leather armour    |    42 |    29 ||    71
Dodge: Dodged            |    91 |    69 ||   160
